 Dungeon Crawl Stone Soup version 0.26.0-16-gc1dbca0489 (webtiles) character file.

Game seed: 5053872691373695684

417 hatsuma the Covert (level 7, -2/40 HPs)
             Began as a Kobold Brigand on Jan 19, 2021.
             Slain by a killer bee (3 damage)
             ... on level 4 of the Dungeon.
             The game lasted 00:20:06 (3372 turns).

hatsuma the Covert (Kobold Brigand)                 Turns: 3372, Time: 00:20:07

Health: -2/40      AC:  7    Str:  9    XL:     7   Next: 15%
Magic:  7/7        EV: 15    Int: 13    God:
Gold:   279        SH:  0    Dex: 17    Spells: 6/6 levels left

rFire    . . .     SeeInvis .   g - +5 dagger (elec)
rCold    . . .     Faith    .   (shield restricted)
rNeg     . . .     Spirit   .   b - +0 robe
rPois    .         Reflect  .   (no helmet)
rElec    .         Harm     .   c - +0 cloak
rCorr    .         Rampage  .   (no gloves)
Will     +....                  (no boots)
Stlth    +++++.....             (no amulet)
HPRegen  0.13/turn              n - ring of willpower
MPRegen  0.10/turn              m - +4 ring of protection

@: lethally poisoned (-2 -> -19)
A: small, nightstalker 3
a: no special abilities


You were on level 4 of the Dungeon.
You visited 1 branch of the dungeon, and saw 4 of its levels.

You collected 279 gold pieces.

Inventory:

Hand Weapons
 g - a +5 dagger of electrocution (weapon)
Missiles
 d - 6 poisoned darts (quivered)
 e - 2 curare-tipped darts
 s - 6 boomerangs
Armour
 b - a +0 robe (worn)
 c - a +0 cloak (worn)
Jewellery
 k - an uncursed ring of flight
 m - a +4 ring of protection (right hand)
 n - a ring of willpower (left hand)
Scrolls
 f - a scroll of magic mapping
 i - a scroll of teleportation {unknown}
 j - 2 scrolls of enchant armour {unknown}
 l - a scroll of remove curse
 o - 2 scrolls of identify {unknown}
Potions
 a - 3 potions of curing {unknown}
 h - 3 potions of heal wounds {unknown}
 r - a potion of magic {unknown}


   Skills:
 - Level 2.1 Fighting
 + Level 6.0 Short Blades
 - Level 2.0(2.4) Slings
 - Level 2.1(2.6) Throwing
 - Level 2.0 Dodging
 - Level 8.7 Stealth


You had 6 spell levels left.
You didn't know any spells.
Your spell library was empty.

Dungeon Overview and Level Annotations

Branches:
Dungeon (4/15)
 Temple: D:4-7

Altars:
Fedhas


Innate Abilities, Weirdness & Mutations

You are small and have problems with some larger weapons.
You are completely attuned to the shadows.


Message History

The killer bee is heavily wounded.
You feel sick. The killer bee stings you.
* * * LOW HITPOINT WARNING * * *
You are more poisoned.
The killer bee poisons you!
You miss the killer bee.
The killer bee is heavily wounded.
* * * LOW HITPOINT WARNING * * *
You feel sick. The killer bee stings you.
* * * LOW HITPOINT WARNING * * *
The killer bee completely misses you.
You closely miss the killer bee.
The killer bee is heavily wounded.
* * * LOW HITPOINT WARNING * * *
You feel sick. The killer bee barely misses you.
You puncture the killer bee!
The killer bee is almost dead.
* * * LOW HITPOINT WARNING * * *
You feel sick. The killer bee stings you.
You die...

##########
##........##
#...#####..# ##.##
##.##### #.#
#...... #.#
##.#### #)# #.# ##
+#.#+ #.#
.#####...### #@#
.......⌠........y#
.#####...#####....
## +#.#+ ###... #
#.# ###.. #.#


You could see a killer bee.

Vanquished Creatures
  A phantom (D:4)
  A hound (D:4)
  An orc priest (D:3)
  4 worker ants
  An orc wizard (D:3)
  A hound skeleton (D:4)
  2 adders
  3 oozes
  3 worms
  A dart slug (D:1)
  3 leopard geckos
  2 orcs (D:3)
  2 giant cockroaches
  19 hobgoblins
  7 jackals (D:2)
  A quokka (D:3)
  11 bats
  9 frilled lizards
  15 goblins
  11 kobolds
  5 rats
103 creatures vanquished.

Vanquished Creatures (others)
  A fungus (D:1)
  A plant (D:3)
2 creatures vanquished.

Grand Total: 105 creatures vanquished

Notes
Turn   | Place    | Note
-------+----------+-------------------------------------------
     0 | D:1      | hatsuma the Kobold Brigand began the quest for the Orb.
     0 | D:1      | Reached XP level 1. HP: 12/12 MP: 1/1
    99 | D:1      | Reached XP level 2. HP: 9/17 MP: 2/2
   104 | D:1      | Reached skill level 1 in Slings
   566 | D:1      | Reached XP level 3. HP: 19/21 MP: 3/3
  1390 | D:2      | Reached XP level 4. HP: 25/26 MP: 4/4
  1403 | D:2      | Found a blossoming altar of Fedhas.
  1443 | D:2      | Reached skill level 6 in Stealth
  1815 | D:2      | Reached XP level 5. HP: 30/30 MP: 5/5
  2035 | D:2      | Reached skill level 5 in Short Blades
  2513 | D:3      | Reached skill level 7 in Stealth
  2537 | D:3      | Reached XP level 6. HP: 35/35 MP: 6/6
  3307 | D:4      | Noticed a phantom
  3309 | D:4      | Killed a phantom
  3310 | D:4      | Reached skill level 8 in Stealth
  3310 | D:4      | Reached XP level 7. HP: 40/40 MP: 7/7
  3371 | D:4      | HP: 2/40 [poisoned by a killer bee]
  3372 | D:4      | Slain by a killer bee

Illustrated notes

Levels and vault maps discovered:
D:1:      onia_arrival_mini_maze, layout_rooms,
          amcnicky_mini_rare_corridor_liquid
D:2:      layout_basic, fedhas_altar_1
D:3:      corexii_shack_village, layout_rooms, kennysheep_generic_room_16
D:4:      layout_basic, grunt_temple_overflow_cloverleaf

Skill      XL: |  1  2  3  4  5  6 |
---------------+-------------------+-----
Short Blades   | 3 4 5 6 |  6.0
Slings         | 1 2 |  2.0
Dodging        | 2 |  2.0
Stealth        | 6 7 8 |  8.7
Fighting       | |  2.1
Throwing       | |  2.1

Action                   |  1- 3 |  4- 6 |  7- 9 || total
-------------------------+-------+-------+-------++-------
Melee: Dagger            |    91 |   128 |    14 ||   233
Throw: Dart              |     4 |       |       ||     4
  Use: Scroll            |     1 |     5 |       ||     6
 Stab: Sleeping          |    11 |    31 |       ||    42
       Distracted        |     2 |     2 |       ||     4
Armor: Robe              |    12 |    24 |     2 ||    38
Dodge: Dodged            |    54 |    50 |     8 ||   112
